 Dungeon Crawl Stone Soup version 0.30-a0-1043-g60ff8d5f49 (webtiles) character file.

Game seed: 5827572026303428456

4955 Pimp the Covert (level 10, -1/51 HPs)
             Began as a Spriggan Artificer on Apr 10, 2023.
             Was a Follower of Sif Muna.
             Killed from afar by an electric eel (7 damage)
             ... with a bolt of electricity
             ... on level 9 of the Dungeon.
             The game lasted 00:35:34 (8003 turns).

Pimp the Covert (Spriggan Artificer)                Turns: 8003, Time: 00:35:35

Health: -1/51      AC: 11    Str:  8    XL:     10   Next: 28%
Magic:  23/23      EV: 24    Int: 15    God:    Sif Muna [*.....]
Gold:   535        SH:  0    Dex: 22    Spells: 25/25 levels left

rFire   . . .      SeeInvis +    x - +5 sling "Gysellu" {freeze, Dex+4}
rCold   . . .      Faith    .    (no shield)
rNeg    . . .      Spirit   .    D - +2 robe {Archmagi}
rPois   .          Reflect  .    p - +2 hat
rElec   .          Rampage  .    t - +0 cloak
rCorr   +          Archmagi +    (gloves unavailable)
Will    +....                    (boots unavailable)
Stlth   +++++                    u - amulet of regeneration
HPRegen 1.08/turn                z - +4 ring of protection
MPRegen 0.18/turn                n - ring of resist corrosion

@: very quick
A: very small, no large weapons, unfitting armour, see invisible, speed 3
a: Renounce Religion, Channel Magic


You were on level 9 of the Dungeon.
You worshipped Sif Muna.
Sif Muna was aware of your devotion.
You visited 2 branches of the dungeon, and saw 10 of its levels.

You collected 535 gold pieces.

Inventory:

Hand Weapons
 a - a +0 club
 h - a +1 rapier
 x - the +5 sling "Gysellu" (weapon) {freeze, Dex+4}
   (You found it on level 5 of the Dungeon)

   Dex:       It affects your dexterity (+4).
Armour
 b - a +1 robe
 p - a +2 hat (worn)
 t - a +0 cloak (worn)
 D - a +2 robe of the Archmagi (worn)
Magical Staves
 y - a staff of conjuration
Jewellery
 i - a ring of positive energy
 k - an amulet of magic regeneration
 n - a ring of resist corrosion (right hand)
 s - an amulet of the acrobat
 u - an amulet of regeneration (around neck)
 v - an amulet of guardian spirit
 z - a +4 ring of protection (left hand)
Wands
 d - a wand of charming (13)
 q - a wand of mindburst (14)
 F - a wand of acid (4)
 H - a wand of roots (4)
Scrolls
 c - a scroll of fog
 B - 5 scrolls of identify
 C - a scroll of amnesia
 I - 2 scrolls of brand weapon {unknown}
Potions
 f - 3 potions of haste
 g - 3 potions of curing
 j - 2 potions of magic
 l - a potion of lignification {unknown}
 m - 8 potions of heal wounds
 o - 2 potions of might
 r - 4 potions of invisibility {unknown}
 w - a potion of brilliance {unknown}
 A - a potion of berserk rage {unknown}
 E - 2 potions of attraction {unknown}
 G - a potion of ambrosia {unknown}


   Skills:
 + Level 4.8 Fighting
 + Level 6.2 Short Blades
 - Level 1.7 Ranged Weapons
 + Level 8.2 Dodging
 + Level 9.0 Stealth
 - Level 8.1 Spellcasting
 - Level 4.5 Conjurations
 - Level 5.4 Evocations


You had 25 spell levels left.
You didn't know any spells.
Your spell library contained the following spells:

 Spells                   Type           Power      Damage    Failure   Level
 Foxfire                  Conj/Fire      76%        2x1d7     4%          1
 Sandblast                Erth           18%        2d7       12%         1
 Stone Arrow              Conj/Erth      38%        3d9       14%         3
 Passwall                 Tmut/Erth      7%         N/A       19%         2
 Vhi's Electric Charge    Tloc/Air       18%        N/A       34%         3
 Anguish                  Hex/Necr       4%         N/A       75%         4
 Cause Fear               Hex            4%         N/A       75%         4
 Arcjolt                  Conj/Air       9%         1d19      78%         5
 Fireball                 Conj/Fire      9%         3d6       78%         5
 Irradiate                Conj/Tmut      9%         3d14      78%         5
 Blade Hands              Tmut           4%         N/A       97%         5
 Summon Forest            Summ/Tloc      4%         N/A       97%         5
 Summon Mana Viper        Hex/Summ       9%         N/A       97%         5
 Plasma Beam              Fire/Air       4%         2x1d16    100%        6
 Starburst                Conj/Fire      9%         6d5       100%        6
 Summon Cactus Giant      Summ           4%         N/A       100%        6
 Dragon Form              Tmut           4%         N/A       100%        7
 Enfeeble                 Hex            4%         N/A       100%        7
 Maxwell's Capacitive Co  Air            4%         ∞         100%        8


Dungeon Overview and Level Annotations

Branches:
Dungeon (9/15)             Temple (1/1) D:7
   Lair: D:8-11         Orc: D:9-12

Altars:
Cheibriados
Dithmenos
Elyvilon
Fedhas
Hepliaklqana
Makhleb
Nemelex Xobeh
Okawaru
Qazlal
Ru
Sif Muna
Trog
Vehumet
Wu Jian
Xom
Yredelemnul
Zin

Shops:
D:6 (   D:8 *:   D:9 :[


Innate Abilities, Weirdness & Mutations

You are very small and have problems with some larger weapons.
You are too small for most types of armour.
You have supernaturally acute eyesight. (SInv)
You cover ground extremely quickly. (Speed+++)


Message History

The sling bullet freezes the electric eel.
You kill the electric eel!
Sif Muna accepts your kill.
Fire: x) +5 sling "Gysellu" {freeze, Dex+4}
Press: ? - help, Q - select action, (/) - cycle Shift-Dir - straight line, f - electric eel
Aim: an electric eel (water, 54% to hit)
You shoot a sling bullet.
The sling bullet misses the electric eel.
The electric eel shoots out a bolt of lightning at you!
The bolt of electricity hits you!
The electric eel shoots out a bolt of lightning at you!
The bolt of electricity hits you!
Fire: x) +5 sling "Gysellu" {freeze, Dex+4}
Press: ? - help, Q - select action, (/) - cycle Shift-Dir - straight line, f/p - electric eel
Aim: an electric eel (water, 54% to hit)
You shoot a sling bullet.
The sling bullet barely misses the electric eel.
The electric eel shoots out a bolt of lightning at you!
The bolt of electricity hits you.
Fire: x) +5 sling "Gysellu" {freeze, Dex+4}
Press: ? - help, Q - select action, (/) - cycle Shift-Dir - straight line, f/p - electric eel
Aim: an electric eel (water, 54% to hit)
You shoot a sling bullet.
The sling bullet barely misses the electric eel.
The electric eel shoots out a bolt of lightning at you!
The bolt of electricity hits you.
* * * LOW HITPOINT WARNING * * *
Fire: x) +5 sling "Gysellu" {freeze, Dex+4}
Press: ? - help, Q - select action, (/) - cycle Shift-Dir - straight line, f/p - electric eel
Aim: an electric eel (water, 54% to hit)
You shoot a sling bullet.
The sling bullet barely misses the electric eel.
The electric eel shoots out a bolt of lightning at you!
The bolt of electricity hits you!
* * * LOW HITPOINT WARNING * * *
The electric eel shoots out a bolt of lightning at you!
The bolt of electricity misses you.
The electric eel shoots out a bolt of lightning at you!
The bolt of electricity hits you!
You die...

.............#####.>..#....#.....
........#.....##......#....#..)..
........#.....##.######....#.....
........#.......∩).........#...).
...###########.#.#.........#)#.##
...###~~~..#####........#.##.....
..[##~####.~~#####..###.#.##.#.##
...#.##..'##~~...##.# #.#......#
.###.#.....#####@.#.###+######.##
.# #.#.....##..'###.##.....##....
.# #.#~†.~.#.... #..#.....##.###
.# #~#.~~~.#.....###)#.....'....#
.# #~#.~~..#P..~~#...#.....##.#.#
.# #~#≈≈(≈≈#!..P$#..)#.....##.#..
.# #~##≈≈≈##..$~S#...#)....##.###
.# ##.######SS/≈≈###.)#'#........
.#####....~##≈≈≈#####.#.#.###.###


You could see 2 electric eels.

Vanquished Creatures
  A two-headed ogre (D:9)
  Psyche (D:8)
  A shadow (D:9)
  4 yaks (D:9)
  A wyvern (D:9)
  A steam dragon (D:8)
  2 water moccasins
  2 sky beasts
  An ice beast (D:6)
  A black bear (D:5)
  An orc warrior (D:9)
  3 ogres (D:4)
  2 centaurs
  A phantom (D:6)
  Blork the orc (D:6)
  2 bullfrogs
  A gnoll sergeant (D:6)
  2 wights (D:9)
  4 electric eels (D:9)
  7 howler monkeys
  5 quasits (D:8)
  8 orc priests
  4 hounds
  A gnoll bouda (D:9)
  4 jellies
  Crazy Yiuf (D:6)
  2 iguanas (D:5)
  7 orc wizards
  11 gnolls
  4 adders
  2 shadow imps
  8 white imps
  5 ufetubi
  3 worms
  4 dart slugs
  18 orcs
  4 bats
  9 endoplasms
  11 giant cockroaches
  13 goblins
  5 hobgoblins
  15 jackals
  4 quokkas
  5 ball pythons
  2 frilled lizards
  5 kobolds
  8 rats
207 creatures vanquished.

Vanquished Creatures (others)
  6 demonic plants (D:8)
  5 plants (D:9)
11 creatures vanquished.

Grand Total: 218 creatures vanquished

Notes
Turn   | Place    | Note
-------+----------+-------------------------------------------
     0 | D:1      | Pimp the Spriggan Artificer began the quest for the Orb.
     0 | D:1      | Reached XP level 1. HP: 9/9 MP: 2/2
     2 | D:1      | Found a runed translucent door.
   161 | D:1      | Reached skill level 1 in Fighting
   161 | D:1      | Reached XP level 2. HP: 11/14 MP: 3/3
   174 | D:1      | Reached skill level 2 in Stealth
   227 | D:1      | Reached skill level 1 in Short Blades
   384 | D:1      | Reached skill level 1 in Spellcasting
   487 | D:1      | Found a faded altar of an unknown god.
   492 | D:1      | Got Plato's Meditations on the Dragon
   693 | D:1      | Reached XP level 3. HP: 17/18 MP: 5/5
  1162 | D:2      | Reached XP level 4. HP: 22/22 MP: 7/7
  1703 | D:3      | Identified the +1 shortbow "Grim" {heavy, Str+2 Dex+2}
  2069 | D:3      | You fall into a shaft and drop 2 floors!
  2069 | D:5      | Entered Level 5 of the Dungeon
  2085 | D:5      | Reached skill level 3 in Stealth
  2264 | D:5      | Identified the +5 sling "Gysellu" {freeze, Dex+4}
  2377 | D:4      | Reached XP level 5. HP: 22/26 MP: 7/9
  2486 | D:4      | Found a burning altar of Makhleb.
  2486 | D:4      | Noticed an Executioner
  2538 | D:4      | Noticed an ogre
  2559 | D:4      | Noticed an ogre
  2579 | D:4      | Killed an ogre
  2584 | D:4      | Killed an ogre
  2585 | D:4      | Reached skill level 1 in Ranged Weapons
  2585 | D:4      | Reached skill level 4 in Stealth
  2585 | D:4      | Reached skill level 5 in Evocations
  2585 | D:4      | Reached XP level 6. HP: 30/30 MP: 9/11
  3049 | D:5      | Reached XP level 7. HP: 35/35 MP: 12/12
  3182 | D:5      | Reached skill level 1 in Conjurations
  3617 | D:5      | Found a white marble altar of Elyvilon.
  3676 | D:5      | Reached skill level 5 in Spellcasting
  3709 | D:6      | Found Vahoriffe's Weapon Emporium.
  3793 | D:6      | Noticed Blork the orc
  3806 | D:6      | Killed Blork the orc
  3937 | D:6      | Reached XP level 8. HP: 39/39 MP: 17/17
  4090 | D:6      | Found a bloodstained altar of Trog.
  4353 | D:6      | Found a sacrificial altar of Ru.
  4566 | D:6      | Found a runed translucent door.
  4567 | D:6      | Noticed Crazy Yiuf
  4586 | D:6      | Killed Crazy Yiuf
  5037 | D:7      | Found a staircase to the Ecumenical Temple.
  5048 | Temple   | Entered the Ecumenical Temple
  5084 | Temple   | Became a worshipper of Sif Muna the Loreminder
  5218 | D:7      | Identified the +2 pair of boots "Hufriorph" {rC+ Int+3
                  | Dex+3}
  5683 | D:8      | Noticed Psyche
  5710 | D:8      | Killed Psyche
  5711 | D:8      | Reached skill level 5 in Dodging
  5711 | D:8      | Reached skill level 5 in Stealth
  5711 | D:8      | Reached XP level 9. HP: 26/43 MP: 22/22
  5760 | D:8      | Found a radiant altar of Vehumet.
  5822 | D:8      | Noticed a kobold demonologist
  5885 | D:8      | Found Vyanomykhli's Book Shop.
  6123 | D:8      | Found Jocixurph's Assorted Antiques.
  6193 | D:8      | Reached skill level 6 in Stealth
  6427 | D:8      | Noticed an ice devil
  6867 | D:9      | Found Zytoez's Antique Armour Boutique.
  6907 | D:9      | Found Vid Bunu's Vocational Training.
  7005 | D:9      | Reached * piety under Sif Muna
  7110 | D:9      | Reached skill level 7 in Stealth
  7195 | D:9      | Reached skill level 5 in Short Blades
  7277 | D:9      | Noticed a two-headed ogre
  7496 | D:9      | Reached skill level 8 in Stealth
  7497 | D:9      | Reached XP level 10. HP: 47/51 MP: 23/23
  7889 | D:9      | Killed a two-headed ogre
  7953 | D:9      | Reached skill level 9 in Stealth
  8003 | D:9      | Killed from afar by an electric eel

Illustrated notes

Levels and vault maps discovered:
D:1:      dpeg_arrival_caged_fury, layout_basic,
          shapermc_ecumenical_altar_rom_forum
D:2:      layout_loops_ring
D:3:      layout_basic
D:4:      layout_rooms, makhleb_altar_promises_db, grunt_decor_fettered,
          minivault_25, minmay_ogre_servants
D:5:      layout_basic, lemuel_round_altar
D:6:      layout_basic, nicolae_ru_the_path_less_chosen, kennysheep_mini_moat,
          minmay_misc_feat_iff, nicolae_stop_n_shop_1, uniq_crazy_yiuf_cottage,
          uniq_blork_the_orc
D:7:      layout_basic, minmay_temple_entry_gardened_gates
D:8:      layout_basic, mainiacjoe_overflow_tiny_flanked, serial_shops,
          nicolae_square_shop, nicolae_stop_n_shop_1, serial_demonic,
          serial_demonic_e, serial_demonic_b, serial_demonic_b,
          serial_demonic_g, serial_demonic_a, serial_demonic_f, uniq_psyche
D:9:      cheibrodos_two_vegetables, layout_basic,
          lemuel_zombie_altar_kikubaaqudgha, jmf_multi_god_temple, serial_shops,
          nicolae_shop_crystal, nicolae_shop_vocational
Temple:   nicolae_temple_ecumenical_triangle

Skill      XL: |  1  2  3  4  5  6  7  8  9 10 |
---------------+-------------------------------+-----
Fighting       | 1 2 4 |  4.8
Stealth        | 2 3 4 5 8 9 |  9.0
Short Blades   | 1 2 3 5 6 |  6.2
Spellcasting   | 1 2 3 5 8 |  8.1
Dodging        | 4 5 7 8 |  8.2
Ranged Weapons | 1 |  1.7
Evocations     | 5 |  5.4
Conjurations   | 2 4 |  4.5

Action                     |  1- 3 |  4- 6 |  7- 9 | 10-12 || total
---------------------------+-------+-------+-------+-------++-------
  Melee: Rapier            |   101 |    56 |    23 |       ||   180
   Fire: Sling             |       |    76 |   417 |    59 ||   552
  Evoke: Wand              |    15 |     2 |     5 |       ||    22
    Use: Scroll            |     5 |     3 |    10 |       ||    18
         Potion            |       |       |     2 |       ||     2
   Stab: Sleeping          |     9 |     2 |     2 |       ||    13
 Armour: Robe              |     9 |    17 |    51 |       ||    77
  Dodge: Dodged            |    88 |    77 |   303 |    12 ||   480

Table legend: (Time is in decaauts)
 A = Elapsed time spent in this place.
 B = Non-inter-level travel time spent in this place.
 C = Inter-level travel time spent in this place.
 D = Time resting spent in this place.
 E = Time spent auto-exploring this place.
 F = Levels seen in this place.
 G = Mean time per level.
                   A        B        C        D        E       F      G
               +--------+--------+--------+--------+--------+-----+--------+
         Total |   5658 |   5512 |    146 |    508 |   2658 |  10 |  565.8 |
       Dungeon |   5619 |   5473 |    146 |    508 |   2658 |   9 |  624.3 |
        Temple |     39 |     39 |      0 |      0 |      0 |   1 |   39.0 |
               +--------+--------+--------+--------+--------+-----+--------+

Top non-repeatable levels by time:
     D:9: 960 daAuts
     D:7: 752 daAuts
     D:6: 737 daAuts
     D:8: 644 daAuts
     D:5: 599 daAuts
     D:1: 562 daAuts
     D:4: 533 daAuts
     D:2: 430 daAuts
     D:3: 399 daAuts
  Temple: 39 daAuts
